Workbook

Sheet Consolidado
B2: #VALUE! | C2: #VALUE! | D2: FORMATO Presupuesto cursos intersemestrales | G2: Código: R-PO002
G3: Versión: 007
D4: PROCESO Planeación Financiera | G4: Fecha de vigencia: 03/08/2026
B6: DATOS DEL PROGRAMA
B8: NOMBRE CENTRO DE COSTO: | F8: RESPONSABLE:
B9: No. ASISTENTES: | F9: CENTRO DE COSTO:
B10: FECHA DE INICIO: | F10: FECHA DE TERMINACIÓN:
B11: VALOR INSCRIPCIÓN: | C11: VER ANEXO | F11: VALOR MATRICULA: | G11: VER ANEXO
B12: JORNADA | C12: TODAS | F12: DERECHOS DE GRADO: | G12: VER ANEXO
B14: 1. INGRESOS
B16: CONCEPTO | E16: CANTIDAD | F16: VALOR UNITARIO | G16: VALOR TOTAL
B18: 1.1 ACADEMICOS/ADMINISTRATIVOS
B19: Inscripciones primer semestre | G19: =+'Anexos Ingresos, Costos, Gastos'!H13 -> 0
B20: Incripcion diplomado | E20: N/A | G20: 0
B21: Inscripcion congreso estudiantes | E21: N/A | G21: 0
B22: inscripcion congreso empl y docentes | E22: N/A | G22: 0
B23: Inscripcion congreso particulares | E23: N/A | G23: 0
B24: Convenios | E24: N/A | G24: 0
B25: Matriculas | G25: =+'Anexos Ingresos, Costos, Gastos'!H31 -> 0
B26: Servicios (Unidades de Negocio) | G26: =+'Anexos Ingresos, Costos, Gastos'!G33 -> 0
B27: (-) Descuentos USC | E27: 0 | G27: =-$G$25*E27 -> 0
B28: (-) Becas | E28: 0 | G28: =-$G$25*E28 -> 0
B29: (-) Devoluciones | E29: 0 | G29: =-$G$25*E29 -> 0
B30: TOTAL INGRESOS | G30: =SUM(G19:G29) -> 0
B32: 2. DESEMBOLSOS
B34: HONORARIOS
B35: Honorarios docentes | G35: =+'Anexos Ingresos, Costos, Gastos'!F43 -> 0
B36: Trabajos especiales | G36: =+'Anexos Ingresos, Costos, Gastos'!F54 -> 0
B37: SUB TOTAL | G37: =SUM(G35:G36) -> 0
B39: DIVERSOS
B40: Libros,periodicos y revistas | G40: =+'Anexos Ingresos, Costos, Gastos'!F58 -> 0
B41: Suscripciones | G41: =+'Anexos Ingresos, Costos, Gastos'!F59 -> 0
B42: Elementos de Aseo y Cafeteria | G42: =+'Anexos Ingresos, Costos, Gastos'!F60 -> 0
B43: Utiles y Papeleria | G43: =+'Anexos Ingresos, Costos, Gastos'!F61 -> 0
B44: Material Didactico | G44: =+'Anexos Ingresos, Costos, Gastos'!F62 -> 0
B45: Taxis y Buses | G45: =+'Anexos Ingresos, Costos, Gastos'!F63 -> 0
B46: Casino y Restaurantes | G46: =+'Anexos Ingresos, Costos, Gastos'!F64 -> 0
B47: Parqueaderos | G47: =+'Anexos Ingresos, Costos, Gastos'!F65 -> 0
B48: Diplomas y Caligrafia | G48: =+'Anexos Ingresos, Costos, Gastos'!F66 -> 0
B49: Actividades Civicas y Culturales | G49: =+'Anexos Ingresos, Costos, Gastos'!F67 -> 0
B50: Insumos Medicos | G50: =+'Anexos Ingresos, Costos, Gastos'!F68 -> 0
B51: Insumos de Laboratorio | G51: =+'Anexos Ingresos, Costos, Gastos'!F69 -> 0
B52: Implementos Deportivos | G52: =+'Anexos Ingresos, Costos, Gastos'!F70 -> 0
B53: SUB TOTAL | G53: =SUM(G40:G52) -> 0
B55: APOYO ACADEMICO, ADMINISTRATIVO, PLANTA FISICA
B57: Apoyo Academico, Administrativo, Planta Fisica | E57: 0.35 | G57: =G30*E57 -> 0
B58: SUB TOTAL | G58: =SUM(G57) -> 0
B60: TOTAL DESEMBOLSOS | G60: =+G37+G53+G58 -> 0
B62: EXCEDENTE O DEFICIT | G62: =+G30-G60 -> 0
B64: PUNTO DE EQUILIBRIO | G64: =+(G60/'Anexos Ingresos, Costos, Gastos'!G31)+1 -> #DIV/0!

Sheet Anexos Ingresos, Costos, Gastos
B2: #VALUE! | C2: #VALUE! | E2: FORMATO Presupuesto cursos intersemestrales | H2: Código: R-PO002
H3: Versión: 007
E4: PROCESO Planeación Financiera | H4: Fecha de vigencia: 15/05/2025
B6: ANEXOS INGRESOS | K6: DILIGENCIE SOLO LAS CELDAS EN COLOR GRIS ACORDE CON LA INSTRUCCIÓN DE LA NOTA
B8: INGRESO POR INSCRIPCIONES
B10: CURSO | D10: No. ESTUDIANTES | G10: VALOR PROMEDIO | H10: TOTAL
D11: PERIODO A | E11: PERIODO B | F11: TOTAL
F12: =+D12+E12 -> 0 | G12: 0 | H12: =+G12*F12 -> 0
B13: TOTAL | D13: =SUM(D12) -> 0 | E13: =SUM(E12) -> 0 | F13: =SUM(F12) -> 0 | G13: =SUM(G12) -> 0 | H13: =SUM(H12) -> 0
B15: INGRESO POR MATRICULAS
B17: PROGRAMA ACADÉMICO- PENSUM | D17: No. ESTUDIANTES | G17: VALOR CRÉDITO | H17: TOTAL
D18: PERIODO C | E18: No. CRÉDITO | F18: TOTAL
F19: N/A | H19: =+D19*G19 -> 0
F20: N/A | G20: 0 | H20: =+D20*G20 -> 0
F21: N/A | G21: 0 | H21: =+D21*G21 -> 0
F22: N/A | G22: 0 | H22: =+D22*G22 -> 0
F23: N/A | G23: 0 | H23: =+D23*G23 -> 0
F24: N/A | G24: 0 | H24: =+D24*G24 -> 0
F25: N/A | G25: 0 | H25: =+D25*G25 -> 0
F26: N/A | G26: 0 | H26: =+D26*G26 -> 0
F27: N/A | G27: 0 | H27: =+D27*G27 -> 0
F28: N/A | G28: 0 | H28: =+D28*G28 -> 0
F29: N/A | G29: 0 | H29: =+D29*G29 -> 0
F30: N/A | G30: 0 | H30: =+D30*G30 -> 0
B31: TOTAL | D31: =SUM(D19:D30) -> 0 | E31: =SUM(E19:E30) -> 0 | G31: =SUM(G19:G30) -> 0 | H31: =SUM(H19:H30) -> 0
B34: ANEXOS COSTOS Y GASTOS
B36: HONORARIOS DOCENTES Y/O CONFERENCISTAS
B37: CONCEPTO | C37: MOTIVO | D37: No. HORAS | E37: VALOR/HORA | F37: VALOR TOTAL | G37: OBSERVACIONES
F38: =+E38*D38 -> 0
E39: 0 | F39: =+E39*D39 -> 0
E40: 0 | F40: =+E40*D40 -> 0
E41: 0 | F41: =+E41*D41 -> 0
E42: 0 | F42: =+E42*D42 -> 0
B43: TOTAL | E43: =SUM(E38:E42) -> 0 | F43: =SUM(F38:F42) -> 0
B45: HONORARIOS POR TRABAJOS ESPECIALES
B46: CONCEPTO | C46: MOTIVO | D46: CANTIDAD | E46: VALOR UNITARIO | F46: VALOR TOTAL | G46: OBSERVACIONES
E47: 0 | F47: =+D47*E47 -> 0
E48: 0 | F48: =+E48*D48 -> 0
E49: 0 | F49: =+E49*D49 -> 0
E50: 0 | F50: =+E50*D50 -> 0
E51: 0 | F51: =+E51*D51 -> 0
E52: 0 | F52: =+E52*D52 -> 0
E53: 0 | F53: =+E53*D53 -> 0
B54: TOTAL | E54: =SUM(E47:E53) -> 0 | F54: =SUM(F47:F53) -> 0
B56: DIVERSOS
B57: CONCEPTO | C57: MOTIVO | D57: CANTIDAD | E57: VALOR UNITARIO | F57: VALOR TOTAL | G57: OBSERVACIONES
B58: Libros,periodicos y revistas | E58: 0 | F58: =+D58*E58 -> 0
B59: Suscripciones | E59: 0 | F59: =+D59*E59 -> 0
B60: Elementos de Aseo y Cafeteria | E60: 0 | F60: =+D60*E60 -> 0
B61: Utiles y Papeleria | E61: 0 | F61: =+D61*E61 -> 0
B62: Material Didactico | E62: 0 | F62: =+D62*E62 -> 0
B63: Taxis y Buses | E63: 0 | F63: =+D63*E63 -> 0
B64: Casino y Restaurantes | E64: 0 | F64: =+D64*E64 -> 0
B65: Parqueaderos | E65: 0 | F65: =+D65*E65 -> 0
B66: Diplomas y Caligrafia | E66: 0 | F66: =+D66*E66 -> 0
B67: Actividades Civicas y Culturales | E67: 0 | F67: =+D67*E67 -> 0
B68: Insumos Medicos | E68: 0 | F68: =+D68*E68 -> 0
B69: Insumos de Laboratorio | E69: 0 | F69: =+D69*E69 -> 0
B70: Implementos Deportivos | E70: 0 | F70: =+D70*E70 -> 0
B71: TOTAL | E71: =SUM(E58:E70) -> 0 | F71: =SUM(F58:F70) -> 0

Sheet Tarifas
K2: TARIFAS VIGENTES
K4: MODALIDAD | L4: COSTO HORA (sin carga prestacional) | N4: COSTO HORA (con carga prestacional)
K5: Hora Catedra | L5: 51779 | N5: =L5*(1.52) -> 78704.08
K6: Hora Practica Salud | L6: 36056 | N6: =L6*(1.52) -> 54805.12
K7: Hora Practica 5año Salud e Internado | L7: 47285 | N7: =L7*(1.52) -> 71873.2
K8: Hora Tecnología | L8: 37859 | N8: =L8*(1.52) -> 57545.68
K11: SALARIOS MENSUALES (sin factor prestacional) | N11: COSTO HORA (sin carga prestacional)
K13: DEX | L13: 5882733 | N13: 87921
K14: TCE | L14: 4550129 | N14: 68005
K15: MTE | L15: 3058647 | N15: 60951
K16: MTP | L16: 3058647 | N16: 60951
